 Dungeon Crawl Stone Soup version 0.17-a0-1914-gde4187c (webtiles) character file.

6203 barthelm the Covert (level 11, -1/69 (71) HPs)
             Began as a Kobold Berserker on Sept 26, 2015.
             Was a High Priest of Trog.
             Killed from afar by an orc sorcerer (30 damage)
             ... with a bolt of fire
             ... on level 4 of the Orcish Mines.
             The game lasted 00:49:04 (8952 turns).

barthelm the Covert (Kobold Berserker)              Turns: 8952, Time: 00:49:04

HP:   -1/69 (71)    AC: 14    Str: 18    XL:     11   Next: 14%
MP:   11/11         EV: 15    Int:  5    God:    Trog [*****.]
Gold: 945           SH:  0    Dex: 17    Spells: 0 memorised, 10 levels left

rFire  . . .     SeeInvis .     a - +0 short sword
rCold  . . .     Clarity  .     h - +0 leather armour
rNeg   . . .     SustAt   +     (shield restricted)
rPois  .         Gourm    .     d - +2 helmet
rElec  .         Spirit   .     C - +2 cloak {MR+}
rCorr  .         Warding  .     w - +1 pair of gloves
rMut   .         Stasis   .     f - +0 pair of boots
MR     +....                    (no amulet)
Stlth  ++++++....               v - +2 ring of protection
                                B - ring of sustain attributes

@: exhausted, slowed, very slow, somewhat resistant to hostile enchantments,
very stealthy
A: carnivore 3
a: Burn Spellbooks, Berserk, Trog's Hand, Brothers in Arms, Renounce Religion


You were on level 4 of the Orcish Mines.
You worshipped Trog.
Trog was extremely pleased with you.
You were very full.

You visited 2 branches of the dungeon, and saw 13 of its levels.
You also visited: Sewer.

You collected 945 gold pieces.

Inventory:

Hand weapons
 a - a +0 short sword (weapon)
Missiles
 p - 15 tomahawks (quivered)
Armour
 b - a +0 animal skin
 d - a +2 helmet (worn)
 f - a +0 pair of boots (worn)
 h - a +0 leather armour (worn)
 w - a +1 pair of gloves (worn)
 C - a +2 cloak of magic resistance (worn)
Jewellery
 v - a +2 ring of protection (right hand)
 B - a ring of sustain attributes (left hand)
 F - an uncursed ring of positive energy
 N - an uncursed ring of fire
Magical devices
 m - a wand of digging (9)
 t - a wand of heal wounds (1)
 x - a wand of teleportation (4)
 y - a wand of magic darts (27)
 D - a wand of teleportation (2)
 E - a wand of digging (2)
Scrolls
 e - 4 scrolls of teleportation
 q - 2 scrolls of random uselessness
 r - 4 scrolls of remove curse
 A - 3 scrolls of recharging
 I - a scroll of magic mapping
 K - a scroll of blinking
 M - a scroll of amnesia {unknown}
Potions
 i - 2 potions of heal wounds
 j - a potion of magic
 k - a potion of invisibility
 l - 2 potions of flight
 n - 5 potions of curing
 o - 2 potions of might {unknown}
 u - a potion of haste {unknown}
 z - a potion of resistance {unknown}
 G - a potion of cancellation {unknown}
 J - a potion of mutation {unknown}
Comestibles
 c - 6 meat rations
 g - 3 beef jerkies
 s - a royal jelly
 H - 3 chunks of flesh


   Skills:
 + Level 9.4 Fighting
 + Level 12.9 Short Blades
 - Level 1.1 Throwing
 + Level 1.6 Armour
 + Level 2.9 Dodging
 + Level 13.3 Stealth
 - Level 0.2 Evocations


You had 10 spell levels left.
You didn't know any spells.

Dungeon Overview and Level Annotations

Branches:
Dungeon (9/15)             Temple (0/1) D:5            Lair (0/8) D:9
    Orc (4/4) D:9
    Elf: Orc:3-4

Altars:
Ashenzari
Dithmenos
Gozag
Makhleb
Okawaru
Trog
Yredelemnul

Shops:
D:5 ::(   Orc:2 !   Orc:4 ?[!


Innate Abilities, Weirdness & Mutations

You are small and have problems with some larger weapons.
You are carnivorous and can eat meat at any time.


Message History

The orc barely misses you.
You hit the orc sorcerer but do no damage.
The orc sorcerer is severely wounded.
The orc hits you but does no damage.
The orc sorcerer gestures at you while chanting.
The bolt of fire misses you. The orc misses you.
You hit the orc sorcerer but do no damage.
The orc sorcerer is severely wounded.
You hear the brisk ticking of a very distant clock.
The orc barely misses you. The orc completely misses you.
You barely miss the orc sorcerer.
The orc sorcerer is severely wounded.
The orc sorcerer hits you but does no damage.
The orc hits you but does no damage.
You hit the orc sorcerer but do no damage.
The orc sorcerer is severely wounded.
The orc closely misses you. The orc hits you but does no damage.
The orc sorcerer points at you and mumbles some strange words.
The bolt of fire hits you!
You die...

####### ##
#......###.#
........#.##
......oo...#
.#...o@...#
#...o......∩.
#..............
##.##..........
# ##.........
...#..#...
#.#...##..
####..#


You could see an orc sorcerer and 3 orcs.

Vanquished Creatures
  An ugly thing (D:9)
  A two-headed ogre (Orc:2)
  A troll (D:9)
  Grinder (D:3)
  A spriggan (D:8)
  Sigmund (D:6)
  A yak (D:9)
  A deep elf fighter (D:9)
  Eustachio (D:6)
  2 wargs (Orc:2)
  Duvessa (D:7)
  3 orc warriors
  A necrophage (D:8)
  A phantom (D:5)
  4 ogres
  3 centaurs (D:7)
  A crocodile (D:9)
  2 big kobolds
  Blork the orc (D:5)
  8 giant frogs
  Dowan (D:7)
  5 scorpions
  A troll zombie (D:8)
  The ghost of 4thArraOfDagon the Chopper, a weakling HuBe of Trog (D:5)
  5 wights
  4 crimson imps
  3 hounds
  A quasit (D:9)
  10 orc priests
  3 human zombies (D:8)
  3 jellies
  A giant frog zombie (D:7)
  An iguana (D:7)
  Jessica (D:3)
  A giant frog skeleton (D:9)
  Terence (D:3)
  9 worker ants
  7 orc wizards
  5 mummies (D:8)
  5 river rats
  9 adders
  2 oozes
  2 adder zombies
  2 adder skeletons
  3 worms
  6 giant geckos
  43 orcs
  4 ball pythons
  20 bats
  6 giant cockroaches
  11 hobgoblins
  14 jackals
  14 kobolds
  3 quokkas
  A giant gecko skeleton (D:5)
  2 giant newts
  5 goblins
  A quokka zombie (D:7)
  21 rats
273 creatures vanquished.

Vanquished Creatures (others)
  6 fungi (D:9)
  A plant (D:9)
7 creatures vanquished.

Grand Total: 280 creatures vanquished

Notes
Turn   | Place    | Note
--------------------------------------------------------------
     0 | D:1      | barthelm the Kobold Berserker began the quest for the Orb.
     0 | D:1      | Reached XP level 1. HP: 14/14 MP: 1/1
   325 | D:1      | Reached XP level 2. HP: 19/19 MP: 2/2
   450 | D:1      | Reached XP level 3. HP: 3/24 MP: 3/3
   905 | D:2      | Found a bloodstained altar of Trog.
  1157 | D:2      | Reached XP level 4. HP: 22/30 MP: 4/4
  1169 | D:2      | Reached skill level 5 in Short Blades
  1171 | D:2      | Acquired Trog's second power
  1648 | D:3      | Reached skill level 1 in Stealth
  1648 | D:3      | Reached XP level 5. HP: 34/34 MP: 5/5
  1724 | D:3      | Reached skill level 6 in Short Blades
  1761 | D:3      | Found a glowing drain.
  1787 | Sewer    | Entered a sewer
  1871 | Sewer    | Reached skill level 5 in Fighting
  1871 | Sewer    | Reached XP level 6. HP: 30/40 MP: 6/6
  1908 | Sewer    | Found a white marble altar of Elyvilon.
  2042 | D:3      | Found a shadowy altar of Dithmenos.
  2042 | D:3      | Found an opulent altar of Gozag.
  2227 | D:3      | Reached skill level 7 in Short Blades
  2252 | D:3      | Found a burning altar of Makhleb.
  2254 | D:3      | Noticed Grinder
  2261 | D:3      | Noticed Jessica
  2265 | D:3      | Killed Grinder
  2265 | D:3      | Reached XP level 7. HP: 45/45 MP: 7/7
  2272 | D:3      | Killed Jessica
  2907 | D:3      | Noticed Terence
  2918 | D:3      | Killed Terence
  3224 | D:4      | Reached skill level 8 in Short Blades
  3539 | D:4      | Reached XP level 8. HP: 51/51 MP: 8/8
  3944 | D:5      | Entered Level 5 of the Dungeon
  3961 | D:5      | Found Kubel's Book Shop.
  3961 | D:5      | Found Izeallah's Book Shoppe.
  3969 | D:5      | Noticed 4thArraOfDagon's ghost (weakling HuBe)
  3979 | D:5      | Killed 4thArraOfDagon's ghost
  3985 | D:5      | Reached skill level 5 in Stealth
  4005 | D:5      | Found a staircase to the Ecumenical Temple.
  4074 | D:5      | Noticed Blork the orc
  4088 | D:5      | Killed Blork the orc
  4299 | D:5      | Found an iron altar of Okawaru.
  4368 | D:5      | Reached skill level 9 in Short Blades
  4381 | D:5      | Found Acvilla's Weapon Emporium.
  4593 | D:5      | Found a shattered altar of Ashenzari.
  4783 | D:6      | Noticed Eustachio
  4804 | D:6      | Killed Eustachio
  4951 | D:6      | Reached skill level 1 in Throwing
  4951 | D:6      | Reached XP level 9. HP: 57/57 MP: 9/9
  4952 | D:6      | Noticed Sigmund
  5218 | D:6      | Killed Sigmund
  5218 | D:6      | Reached skill level 10 in Short Blades
  5439 | D:7      | Acquired Trog's third power
  5585 | D:7      | Noticed Dowan
  5586 | D:7      | Noticed Duvessa
  5599 | D:7      | Killed Duvessa
  5606 | D:7      | Killed Dowan
  5724 | D:7      | Reached skill level 11 in Short Blades
  6525 | D:8      | Reached skill level 10 in Stealth
  6550 | D:8      | Reached XP level 10. HP: 53/62 MP: 10/10
  6611 | D:8      | Found a basalt altar of Yredelemnul.
  7603 | D:9      | Found a staircase to the Lair.
  7662 | D:9      | Reached skill level 12 in Short Blades
  8001 | D:9      | Received a gift from Trog
  8058 | D:9      | Found a staircase to the Orcish Mines.
  8082 | D:9      | Noticed a white ugly thing
  8084 | D:9      | Killed a white ugly thing
  8113 | Orc:1    | Entered Level 1 of the Orcish Mines
  8400 | Orc:2    | Reached XP level 11. HP: 69/69 MP: 11/11
  8413 | Orc:2    | Reached skill level 13 in Stealth
  8598 | Orc:2    | Found Femudghau's Distillery.
  8891 | Orc:4    | Entered Level 4 of the Orcish Mines
  8891 | Orc:4    | Found Tohuhon's Magic Scroll Shoppe.
  8915 | Orc:4    | Found Xibebbeme's Distillery.
  8916 | Orc:4    | Noticed an orc knight
  8936 | Orc:4    | Found Amaenn's Antique Armour Boutique.
  8937 | Orc:4    | Noticed an orc sorcerer
  8952 | Orc:4    | Killed from afar by an orc sorcerer

Vault maps used:
D:1:      scummos_arrival_star, serial_bayou_lake_a
D:2:      bloody_trog, kennysheep_generic_room_3
D:3:      forest_paths, overflow_temple_1_default,
          gammafunk_temple_overflow_elements, first_bread,
          gup_sewer_entry_bubbles, uniq_grinder, uniq_terence, uniq_jessica
D:5:      lemuel_doored_altar, okawaru_trees_1, minmay_temple_entry_crystal_x,
          serial_shops, shop, shop, shop, uniq_blork_the_orc
D:6:      uniq_eustachio, uniq_sigmund, uniq_prince_ribbit1
D:7:      st_stairs_7, uniq_duvessa
D:8:      lemuel_mausoleum_altar_yredelemnul, the_bakery
D:9:      minmay_distorted_concentric_squares, grunt_lair_entry_elf_guard_hut
Orc:1:    trog_hazing_becter
Orc:2:    serial_shops, nicolae_shop_behind_doors
Orc:3:    nicolae_orc_pool_cavern
Orc:4:    pf_orc_diabolical, lab_entry_generic, serial_shops, shop,
          nicolae_shop_behind_doors, shop, shop, minmay_orc_barracks,
          uniq_rupert, uniq_maud, uniq_sonja
Sewer:    sewer_kobolds

Action                   |  1- 3 |  4- 6 |  7- 9 | 10-12 || total
-------------------------+-------+-------+-------+-------++-------
Melee: Short sword       |   142 |   202 |   472 |   494 ||  1310
Throw: Tomahawk          |       |       |     2 |       ||     2
Invok: Berserk           |     4 |     6 |    11 |    11 ||    32
       Trog's Hand       |       |     2 |     5 |     5 ||    12
       Burn Spellbooks   |       |       |     1 |       ||     1
Evoke: Wand              |       |       |     1 |       ||     1
  Use: Scroll            |       |     8 |    12 |     3 ||    23
 Stab: Sleeping          |       |     5 |    25 |    23 ||    53
  Eat: Chunk             |    12 |     8 |    26 |    22 ||    68
